 Dungeon Crawl Stone Soup version 0.24.0-2-g5b39cebb1c (webtiles) character file.

Game seed: 2098519482594975007, levelgen mode: deterministic

14233 Arum the Fighter (level 11, -7/93 HPs)
             Began as a Demonspawn Monk on Oct 31, 2019.
             Was a High Priest of Dithmenos.
             Mangled by a freezing wraith (10 damage)
             ... led by a death knight
             ... on level 10 of the Dungeon.
             The game lasted 00:20:19 (12198 turns).

Arum the Fighter (Demonspawn Monk)                 Turns: 12198, Time: 00:20:20

Health: -7/93      AC:  7    Str: 12    XL:     11   Next: 86%
Magic:  0/11       EV: 18    Int: 11    God:    Dithmenos [*****.]
Gold:   601        SH:  0    Dex: 19    Spells: 10/10 levels left

rFire    . . .     SeeInvis .     - Unarmed
rCold    + . .     Gourm    .   (no shield)
rNeg     . . .     Faith    .   l - +0 ring mail
rPois    .         Spirit   +   (helmet restricted)
rElec    .         Reflect  .   Q - +1 cloak
rCorr    .         Harm     .   (no gloves)
MR       +....                  (no boots)
Stlth    ++........             n - amulet of guardian spirit
HPRegen  0.25/turn              k - ring of protection from magic
MPRegen  0.12/turn              w - ring of protection from cold

@: slowed, wreathed by umbra, studying Earth Magic, very slow
A: antennae 2, claws 1, talons 1, spiny 1, rot immunity
a: Shadow Step, Shadow Form, Renounce Religion


You were on level 10 of the Dungeon.
You worshipped Dithmenos.
Dithmenos was extremely pleased with you.
You were very hungry.

You visited 1 branch of the dungeon, and saw 11 of its levels.

You collected 601 gold pieces.

Inventory:

Hand Weapons
 M - the +1 long sword "Rienypep" {slice, rPois Str+2}
   (You found it on level 7 of the Dungeon)

   It inflicts extra damage upon your enemies.
   It affects your strength (+2).
   It protects you from poison.
 R - a +0 scimitar of flaming
Missiles
 F - 3 silver boomerangs
 K - 2 throwing nets (quivered)
Armour
 l - a +0 ring mail (worn)
 Q - a +1 cloak (worn)
Magical Staves
 J - an uncursed staff of death
Jewellery
 h - an uncursed ring of see invisible
 k - a ring of protection from magic (left claw)
 n - an amulet of guardian spirit (around neck)
 o - an uncursed ring of poison resistance
 w - a ring of protection from cold (right claw)
Wands
 u - a wand of polymorph (13)
 y - a wand of scattershot (7)
 C - a wand of clouds (5)
 O - a wand of flame (40)
 U - a wand of random effects (19)
Scrolls
 d - 5 scrolls of remove curse {unknown}
 f - a scroll of teleportation {unknown}
 m - 5 scrolls of identify
 p - 3 scrolls of immolation
 s - a scroll of random uselessness {unknown}
 t - 2 scrolls of noise {unknown}
 v - 2 scrolls of blinking {unknown}
 x - 2 scrolls of fear {unknown}
 z - a scroll of silence {unknown}
 E - 2 scrolls of fog {unknown}
 G - a scroll of enchant weapon {unknown}
 I - a scroll of vulnerability {unknown}
 N - a scroll of torment {unknown}
 S - a scroll of acquirement {unknown}
 T - a scroll of holy word {unknown}
Potions
 a - 2 potions of lignification
 c - a potion of curing
 e - 3 potions of cancellation {unknown}
 g - 3 potions of heal wounds {unknown}
 i - 2 potions of ambrosia {unknown}
 j - 4 potions of resistance {unknown}
 q - 2 potions of mutation {unknown}
 r - 8 potions of degeneration {unknown}
 B - a potion of agility {unknown}
 D - 2 potions of haste
 H - a potion of magic {unknown}
 P - a potion of might {unknown}
Books
 A - a manual of Earth Magic
Comestibles
 b - 23 rations


   Skills:
 + Level 11.5 Fighting
 + Level 10.6 Dodging
 - Level 1.7 Stealth
 + Level 10.6 Unarmed Combat


You had 10 spell levels left.
You didn't know any spells.
Your spell library contained the following spells:

 Spells                   Type           Power        Failure   Level  Hunger
 Confusing Touch          Hex            #.....       63%         1    ##.....
 Corona                   Hex            #......      63%         1    ##.....
 Freeze                   Ice            #...         63%         1    ##.....
 Summon Small Mammal      Summ           #...         63%         1    ##.....
 Call Imp                 Summ           #.......     77%         2    ###....
 Ensorcelled Hibernation  Hex/Ice        #.....       77%         2    ###....
 Passwall                 Tmut/Erth      #.......     77%         2    ###....
 Swiftness                Chrm/Air       #.......     77%         2    ###....
 Throw Frost              Conj/Ice       #.....       77%         2    ###....
 Call Canine Familiar     Summ           #.......     94%         3    ####...
 Confuse                  Hex            #.......     94%         3    ####...
 Dazzling Spray           Conj/Hex       #.....       94%         3    ####...
 Gell's Gravitas          Tloc           #.........   94%         3    ####...
 Ozocubu's Armour         Chrm/Ice       #.......     94%         3    ####...
 Summon Guardian Golem    Hex/Summ       #.......     94%         3    ####...
 Tukima's Dance           Hex            #.......     94%         3    ####...
 Passage of Golubria      Tloc           N/A          100%        4    #####..
 Petrify                  Tmut/Erth      #.......     100%        4    #####..
 Summon Ice Beast         Ice/Summ       #.......     100%        4    #####..
 Summon Lightning Spire   Summ/Air       #.......     100%        4    #####..
 Throw Icicle             Conj/Ice       #.......     100%        4    #####..
 Lee's Rapid Deconstruct  Erth           #.........   100%        5    ######.
 Metabolic Englaciation   Hex/Ice        #.........   100%        5    ######.
 Yara's Violent Unravell  Hex/Tmut       #.........   100%        5    ######.
 Darkness                 Hex            #.........   100%        6    #######
 Invisibility             Hex            #.......     100%        6    #######


Dungeon Overview and Level Annotations

Branches:
Dungeon (11/15)            Temple (0/1) D:5            Lair (0/6) D:8
    Orc: D:9-12

Altars:
Ashenzari
Dithmenos
Makhleb
Nemelex Xobeh
Ru
Trog
Vehumet
Yredelemnul
Zin

Shops:
D:6 %

Annotations:
D:3 3 runed translucent doors, Aviak's ghost, weakling HOWn; MeekVeins's ghost, amateur TrWz; grouchysmurf's ghost, amateur MfSk; iamserjio's ghost, amateur OpMo


Innate Abilities, Weirdness & Mutations

You have a pair of antennae on your head.
You have sharp fingernails.
You have sharp toenails.
You are partially covered in sharp spines.
You are immune to rotting.


Message History

The freezing wraith drains your vigour!
You feel as though you will be slow longer.
The skeletal warrior hits you with a +0 mace!
* * * LOW HITPOINT WARNING * * *
The freezing wraith barely misses you.
The freezing wraith hits you but does no damage.
The freezing wraith misses you.
The freezing wraith completely misses you.
The skeletal warrior completely misses you.
The freezing wraith hits you.
* * * LOW HITPOINT WARNING * * *
The freezing wraith freezes you! You resist.
* * * LOW HITPOINT WARNING * * *
The freezing wraith hits you but does no damage.
You feel better.
The skeletal warrior hits you but does no damage.
The freezing wraith hits you.
* * * LOW HITPOINT WARNING * * *
The freezing wraith freezes you! You resist.
You die...

### ############# #..
..#######...........###### #..
..............#####......# #..
....[.........#...#.)....# #..
.####.........#...#......# #..
##..#.........#...#......# #..
....#.........###'#......######..
....#............................
....#..........W@................
....#..........z.#''#######'#####
#####......>.....#..............#
.....[...........#..............#
.................#..............#
.........####....#..............#
#....#####..#....'..#############
#....#......#....####.......<....
#....#......#....................


You could see a skeletal warrior and a freezing wraith.

Vanquished Creatures
  Harold (D:7)
  Erica (D:10)
  A death knight (D:10)
  2 two-headed ogres (D:9)
  Nergalle (D:10)
  3 unseen horrors
  Pikel (D:5)
  A mana viper (shapeshifter) (D:8)
  A gargoyle (D:10)
  Grinder (D:4)
  A hornet (D:8)
  A hippogriff (D:5)
  Sigmund (D:2)
  4 yaks (D:9)
  A wraith (D:10)
  Eustachio (D:4)
  A wyvern (D:4)
  Edmund (D:6)
  A hungry ghost (D:7)
  A water moccasin (D:5)
  2 porcupines (D:8)
  3 orc warriors
  5 ice beasts
  An eye of draining (D:10)
  2 sky beasts
  2 phantoms
  A centaur (D:6)
  7 ogres
  2 crocodiles
  A big kobold (D:8)
  9 bullfrogs
  2 scorpions
  3 killer bees (D:10)
  8 wights
  4 howler monkeys
  8 crimson imps
  3 bullfrog zombies
  2 centaur zombies (D:10)
  An orc priest (D:6)
  11 hounds
  5 jellies
  4 orc wizards
  Jessica (D:2)
  A bullfrog skeleton (D:8)
  A gnoll shaman (D:6)
  10 worker ants
  Crazy Yiuf (D:6)
  8 iguanas
  2 hound skeletons
  A howler monkey zombie (D:9)
  2 worker ant zombies
  Robin (D:3)
  11 gnolls
  19 adders
  3 shadow imps
  An ooze (D:4)
  2 worms
  5 leopard geckos
  29 orcs
  7 giant cockroaches
  12 goblins
  11 hobgoblins
  10 jackals
  3 quokkas
  8 ball pythons
  10 bats
  6 frilled lizards
  2 gnoll zombies (D:3)
  8 kobolds
  A leopard gecko zombie (D:6)
  13 rats
301 creatures vanquished.

Vanquished Creatures (others)
  A slave (D:5)
  A worker ant zombie (D:5)
  An adder (D:5)
  An orc (D:5)
  4 jackals (D:5)
8 creatures vanquished.

Grand Total: 309 creatures vanquished

Notes
Turn   | Place    | Note
-------+----------+-------------------------------------------
     0 | D:1      | Arum the Demonspawn Monk began the quest for the Orb.
     0 | D:1      | Reached XP level 1. HP: 18/18 MP: 1/1
   241 | D:1      | Gained mutation: You have sharp fingernails. [demonic
                  | ancestry]
   241 | D:1      | Reached XP level 2. HP: 24/24 MP: 2/2
   862 | D:2      | Gained mutation: You have a pair of small antennae on your
                  | head. [demonic ancestry]
   862 | D:2      | Reached XP level 3. HP: 29/29 MP: 3/3
   897 | D:2      | Noticed Sigmund
   909 | D:2      | Killed Sigmund
   909 | D:2      | Reached skill level 4 in Fighting
   909 | D:2      | Reached XP level 4. HP: 17/37 MP: 4/4
   909 | D:2      | Gained mutation: You have sharp toenails. [demonic
                  | ancestry]
   909 | D:2      | Reached XP level 5. HP: 20/42 MP: 5/5
  1322 | D:2      | Noticed Jessica
  1330 | D:2      | Killed Jessica
  1723 | D:3      | Noticed Robin
  1790 | D:3      | Killed Robin
  1790 | D:3      | Reached XP level 6. HP: 49/49 MP: 6/6
  2082 | D:3      | Found a runed translucent gate.
  2083 | D:3      | Found a runed translucent gate.
  2084 | D:3      | Found a runed translucent gate.
  2085 | D:3      | Noticed iamserjio's ghost (amateur OpMo)
  2085 | D:3      | Noticed MeekVeins's ghost (amateur TrWz)
  2085 | D:3      | Noticed grouchysmurf's ghost (amateur MfSk)
  2085 | D:3      | Noticed Aviak's ghost (weakling HOWn)
  2182 | D:3      | Found a shattered altar of Ashenzari.
  2342 | D:3      | Found a basalt altar of Yredelemnul.
  2551 | D:4      | Noticed Grinder
  2588 | D:4      | Noticed Eustachio
  2588 | D:4      | Paralysed by Grinder for 6 turns
  2602 | D:4      | Killed Grinder
  2602 | D:4      | Reached skill level 5 in Fighting
  2602 | D:4      | Reached XP level 7. HP: 47/56 MP: 7/7
  2664 | D:4      | Killed Eustachio
  2664 | D:4      | Reached skill level 5 in Dodging
  2664 | D:4      | Reached skill level 5 in Unarmed Combat
  3160 | D:4      | Found a sparkling altar of Nemelex Xobeh.
  3265 | D:4      | Reached skill level 6 in Fighting
  3314 | D:4      | Found a bloodstained altar of Trog.
  3479 | D:4      | Noticed a wyvern
  3504 | D:4      | Killed a wyvern
  3504 | D:4      | Gained mutation: You have a pair of antennae on your head.
                  | [demonic ancestry]
  3504 | D:4      | Reached XP level 8. HP: 12/64 MP: 1/8
  4051 | D:5      | Entered Level 5 of the Dungeon
  4260 | D:5      | Found a shadowy altar of Dithmenos.
  4282 | D:5      | Became a worshipper of Dithmenos the Shadowed
  4282 | D:5      | Reached * piety under Dithmenos
  4282 | D:5      | Reached ** piety under Dithmenos
  4405 | D:5      | Noticed a hippogriff
  4446 | D:5      | Killed a hippogriff
  4446 | D:5      | Reached skill level 7 in Fighting
  4734 | D:5      | Found a staircase to the Ecumenical Temple.
  4750 | D:5      | Noticed Pikel
  4771 | D:5      | Killed Pikel
  4771 | D:5      | Gained mutation: You are immune to rotting. [demonic
                  | ancestry]
  4771 | D:5      | Reached XP level 9. HP: 49/73 MP: 5/9
  5024 | D:5      | Found a sacrificial altar of Ru.
  5145 | D:5      | Reached skill level 8 in Fighting
  5266 | D:5      | Found a glowing silver altar of Zin.
  5856 | D:6      | Found Roachug's Food Shop.
  5896 | D:6      | Found a runed translucent door.
  5897 | D:6      | Noticed Crazy Yiuf
  5906 | D:6      | Killed Crazy Yiuf
  6169 | D:6      | Reached *** piety under Dithmenos
  6304 | D:6      | Noticed Edmund
  6332 | D:6      | Killed Edmund
  6511 | D:6      | Reached XP level 10. HP: 68/82 MP: 10/10
  6722 | D:6      | Reached skill level 9 in Fighting
  6777 | D:6      | Found a bloodstained altar of Trog.
  6815 | D:7      | Noticed Harold
  6843 | D:7      | HP: 3/83 [Harold/+0 mace (12)]
  6874 | D:7      | Killed Harold
  7369 | D:7      | Got a polished long sword
  7380 | D:7      | Identified the +1 long sword "Rienypep" {slice, rPois
                  | Str+2} (You found it on level 7 of the Dungeon)
  8012 | D:8      | Found a staircase to the Lair.
  8281 | D:8      | Noticed a two-headed ogre
  8334 | D:8      | Reached **** piety under Dithmenos
  8469 | D:8      | Noticed a glowing shapeshifter
  8469 | D:8      | a two-headed ogre changed into a glowing shapeshifter
  8470 | D:8      | Noticed a lindwurm
  8470 | D:8      | a glowing shapeshifter changed into a lindwurm
  8473 | D:8      | Noticed a glowing shapeshifter
  8473 | D:8      | a lindwurm changed into a glowing shapeshifter
  8473 | D:8      | Noticed a cyclops
  8473 | D:8      | a glowing shapeshifter changed into a cyclops
  8474 | D:8      | Noticed a glowing shapeshifter
  8474 | D:8      | a cyclops changed into a glowing shapeshifter
  8474 | D:8      | Noticed a mana viper
  8474 | D:8      | a glowing shapeshifter changed into a mana viper
  8485 | D:8      | Killed a mana viper
  8707 | D:8      | Found a burning altar of Makhleb.
  8775 | D:8      | Reached skill level 10 in Fighting
  8874 | D:8      | Noticed an unseen horror
  8900 | D:8      | Killed an unseen horror
  9077 | D:8      | Found a radiant altar of Vehumet.
  9420 | D:9      | Gained mutation: You are partially covered in sharp spines.
                  | [demonic ancestry]
  9420 | D:9      | Reached XP level 11. HP: 79/91 MP: 9/11
  9881 | D:9      | Noticed a two-headed ogre
  9886 | D:9      | Killed a two-headed ogre
 10047 | D:9      | Noticed a two-headed ogre
 10069 | D:9      | Killed a two-headed ogre
 10485 | D:10     | Entered Level 10 of the Dungeon
 10575 | D:10     | Noticed Erica
 10592 | D:10     | Killed Erica
 10592 | D:10     | Reached skill level 10 in Dodging
 10592 | D:10     | Reached skill level 10 in Unarmed Combat
 10847 | D:10     | Reached skill level 11 in Fighting
 11294 | D:10     | Noticed an unseen horror
 11303 | D:10     | Killed an unseen horror
 11420 | D:10     | Noticed an unseen horror
 11433 | D:10     | Killed an unseen horror
 11548 | D:10     | Noticed Nergalle
 11567 | D:10     | Killed Nergalle
 11814 | D:11     | Noticed a death knight
 11815 | D:11     | Noticed a skeletal warrior
 11857 | D:10     | Killed a death knight
 11857 | D:10     | Reached ***** piety under Dithmenos
 12197 | D:10     | HP: 1/93 [freezing wraith[a death knight] (8)]
 12198 | D:10     | Mangled by a freezing wraith

Levels and vault maps discovered:
D:1:      giann_bridges, layout_loops_ring
D:2:      layout_rooms, minmay_snake_closets, uniq_jessica, uniq_sigmund
D:3:      layout_rooms, ashenzari_altar_1, lemuel_zombie_altar_yredelemnul,
          gammafunk_ghost_cemetery, uniq_robin
D:4:      layout_basic, lemuel_doored_altar, nemelex_altar_shiori, first_ration,
          minmay_manual_macuahuitl, uniq_eustachio, uniq_grinder
D:5:      minmay_opposing_rooms, layout_layer_cave, zin_academy,
          overflow_temple_1_default, nicolae_ru_awakened_eye,
          minmay_temple_entry_offerings, uniq_pikel
D:6:      minmay_skewed_foursquare, layout_basic, serial_shops, shop,
          wad_floor_pattern_2, minmay_parallelograms, zaba_anthole,
          trog_hazing_becter, uniq_crazy_yiuf_cottage, uniq_edmund
D:7:      layout_basic, uniq_harold
D:8:      layout_gridville, marbit_many_paths, makhleb_grotto_becter,
          grunt_lair_entry_orc_guard_hut, blue_anna_alchemist
          [blue_anna_fruit_fields, blue_anna_fruit_fields],
          kennysheep_generic_room_16
D:9:      layout_roguey
D:10:     layout_irregular_city, minivault_11, uniq_nergalle, uniq_erica
D:11:     layout_basic, serial_shops, kennysheep_little_box, shop

Skill      XL: |  1  2  3  4  5  6  7  8  9 10 11 |
---------------+----------------------------------+-----
Dodging        | 3 4 5 6 8 9 10 | 10.6
Unarmed Combat | 3 4 5 7 8 9 10 | 10.6
Fighting       | 4 5 6 7 8 10 11 | 11.5
Stealth        | |  1.7

Action                   |  1- 3 |  4- 6 |  7- 9 | 10-12 || total
-------------------------+-------+-------+-------+-------++-------
Melee: Unarmed           |   103 |   186 |   482 |   475 ||  1246
       Punch             |     2 |     9 |    14 |    20 ||    45
       Kick              |       |    40 |   150 |   145 ||   335
Throw: Throwing net      |       |       |       |     2 ||     2
Evoke: Wand              |       |       |     3 |    11 ||    14
  Use: Potion            |       |       |       |     7 ||     7
       Scroll            |       |       |       |     2 ||     2
 Stab: Sleeping          |     4 |     2 |     7 |    10 ||    23
       Paralysed         |       |       |     8 |       ||     8
       Held in net/web   |       |       |       |     1 ||     1
  Eat: Chunk             |       |     6 |    13 |    14 ||    33
       Ration            |       |       |       |     1 ||     1
Armor: Robe              |    25 |       |       |       ||    25
       Ring mail         |     4 |    78 |    75 |    47 ||   204
       Skin              |       |       |       |    13 ||    13
Dodge: Dodged            |    77 |   112 |   269 |   339 ||   797
